 Dungeon Crawl Stone Soup version 0.21-a0-153-g78480df (webtiles) character file.

1232 galech the Grappler (level 8, -1/75 HPs)
             Began as a Troll Monk on July 31, 2017.
             Was an Elder of Okawaru.
             Slain by an orc warrior
             ... wielding a +0 trident of venom
              (23 damage)
             ... on level 6 of the Dungeon.
             The game lasted 00:06:06 (3807 turns).

galech the Grappler (Troll Monk)                    Turns: 3807, Time: 00:06:06

Health: -1/75      AC:  7    Str: 27    XL:     8   Next: 24%
Magic:  7/7        EV: 12    Int:  6    God:    Okawaru [****..]
Gold:   338        SH:  5    Dex: 12    Spells: 7/7 levels left

rFire    + . .     SeeInvis .     - Unarmed
rCold    x . .     Gourm    +   (no shield)
rNeg     . . .     Faith    .   a - +0 robe
rPois    .         Spirit   .   (helmet restricted)
rElec    .         Reflect  +   l - +1 cloak
rCorr    .         Harm     .   (gloves unavailable)
MR       .....                  (boots unavailable)
Stlth    ++........             G - +5 amulet of reflection
HPRegen  0.62/turn              u - ring of fire
MPRegen  0.10/turn              (no ring)

@: mighty, drained
A: unfitting armour, claws 3, fast metabolism 3, gourmand, regeneration 1,
shaggy fur 1, tough skin 2
a: Heroism, Renounce Religion


You were on level 6 of the Dungeon.
You worshipped Okawaru.
Okawaru was greatly pleased with you.
You were very full.

You visited 1 branch of the dungeon, and saw 6 of its levels.

You collected 338 gold pieces.

Inventory:

Missiles
 o - 3 silver tomahawks (quivered)
Armour
 a - a +0 robe (worn)
 l - a +1 cloak (worn)
Jewellery
 u - a ring of fire (left claw)
 y - an uncursed amulet of rage
 G - a +5 amulet of reflection (around neck)
Scrolls
 c - 2 scrolls of random uselessness {unknown}
 e - 5 scrolls of identify {unknown}
 h - a scroll of magic mapping {unknown}
 k - a scroll of fear {unknown}
 m - 2 scrolls of teleportation {unknown}
 q - 4 scrolls of remove curse
 s - 2 scrolls of enchant armour {unknown}
 w - a scroll of amnesia {unknown}
 x - 2 scrolls of noise {unknown}
 B - 2 scrolls of recharging {unknown}
 D - a scroll of fog {unknown}
 F - a scroll of enchant weapon {unknown}
Potions
 d - a potion of cancellation
 g - a potion of flight {unknown}
 i - a potion of lignification {unknown}
 j - 4 potions of might
 n - 3 potions of curing
 p - a potion of agility {unknown}
 r - a potion of mutation {unknown}
 z - a potion of ambrosia {unknown}
 A - 2 potions of experience {unknown}
 C - a potion of haste {unknown}
Books
 E - a book of Cantrips

   Spells                             Type                      Level
   a - Confusing Touch                Hexes                        1
   b - Animate Skeleton               Necromancy                   1
   c - Summon Small Mammal            Summoning                    1
   d - Apportation                    Translocation                1
 H - a Young Poisoner's Handbook

   Spells                             Type                      Level
   a - Sting                          Conjuration/Poison           1
   b - Poisonous Vapours              Poison/Air                   2
   c - Mephitic Cloud                 Conjuration/Poison/Air       3
   d - Olgreb's Toxic Radiance        Poison                       4
   e - Venom Bolt                     Conjuration/Poison           5
Comestibles
 b - 6 bread rations
 f - 6 fruits
 t - 3 royal jellies
 v - 2 meat rations


   Skills:
 + Level 3.3 Fighting
 + Level 4.6 Dodging
 + Level 1.9(1.8) Stealth
 + Level 8.3 Unarmed Combat


You had 7 spell levels left.
You didn't know any spells.

Dungeon Overview and Level Annotations

Branches:
Dungeon (6/15)             Temple (0/1) D:4

Altars:
Fedhas
Gozag
Nemelex Xobeh
Okawaru
Ru
Sif Muna
Wu Jian
Yredelemnul
The Shining One


Innate Abilities, Weirdness & Mutations

You are too large for most types of armour.
You have claws for hands.
Your metabolism is lightning-fast.
You like to eat raw meat.
Your natural rate of healing is unusually fast.
You are covered in fur. (AC +1)
You have very tough skin. (AC +2)


Message History

You see here a scorpion corpse.
You feel very sick.
You feel sick.
The orc wizard hits you but does no damage.
The orc priest miscasts a cantrip.
You feel very sick.
You feel sick. You block the orc wizard's attack.
It was a potion of cancellation.
You feel magically purged.
You feel sick.
The orc wizard hits you but does no damage.
The orc warrior hits you from afar with a trident of venom.
* * * LOW HITPOINT WARNING * * *
You are lethally poisoned!
It was a potion of might.
You feel very mighty all of a sudden.
* * * LOW HITPOINT WARNING * * *
You feel sick.
The orc wizard hits you but does no damage. x2
It was a potion of curing.
You feel better. The orc wizard barely misses you.
The orc warrior hits you from afar with a trident of venom!!
You die...

#o# #.# #o#
#.# #†# #o#
.. ###o# ..
# #.o.# #.
##.##@######
###
#..........#
...
#..##.####.#
#.# #. #.#
#.# #.#.. #
#.# #.#
#.#.# #.#
#.# #.#.#
##.# #.#
####.#.#
#... #.#
...#.#.#
#.#.###.#


You could see an orc warrior, an orc priest and an orc wizard.

Vanquished Creatures
  Blork the orc (D:4)
  4 bullfrogs
  A scorpion (D:6)
  4 wights (D:6)
  A howler monkey (D:5)
  A crimson imp (D:6)
  A bullfrog zombie (D:5)
  3 hounds
  An orc priest (D:5)
  3 orc wizards
  6 worker ants
  A worker ant zombie (D:5)
  Robin (D:2)
  4 gnolls
  5 adders
  A shadow imp (D:6)
  An ooze (D:2)
  An adder skeleton (D:4)
  A worm (D:3)
  A dart slug (D:1)
  3 leopard geckos
  12 orcs
  A ball python (D:1)
  5 bats
  5 giant cockroaches
  14 goblins
  11 hobgoblins
  9 jackals
  4 kobolds
  3 quokkas
  2 frilled lizards
  A quokka skeleton (D:6)
  7 rats
119 creatures vanquished.

Notes
Turn   | Place    | Note
-------+----------+-------------------------------------------
     0 | D:1      | galech the Troll Monk began the quest for the Orb.
     0 | D:1      | Reached XP level 1. HP: 22/22 MP: 0/0
   385 | D:1      | Reached XP level 2. HP: 28/29 MP: 1/1
   620 | D:2      | You fall through a shaft for 2 floors!
   621 | D:4      | Found an iron altar of Okawaru.
   627 | D:4      | Became a worshipper of Warmaster Okawaru
   627 | D:4      | Reached * piety under Okawaru
   627 | D:4      | Reached ** piety under Okawaru
   744 | D:4      | Reached XP level 3. HP: 33/36 MP: 2/2
   772 | D:4      | Noticed Blork the orc
   790 | D:4      | Killed Blork the orc
   790 | D:4      | Reached skill level 4 in Unarmed Combat
   790 | D:4      | Reached XP level 4. HP: 10/44 MP: 3/3
   876 | D:3      | Found an ornate altar of the Wu Jian Council.
   956 | D:4      | Reached XP level 5. HP: 46/53 MP: 4/4
  1194 | D:2      | Found a glowing golden altar of the Shining One.
  1194 | D:2      | Found an opulent altar of Gozag.
  1292 | D:2      | Found a sacrificial altar of Ru.
  1433 | D:2      | Found a basalt altar of Yredelemnul.
  1497 | D:2      | Reached skill level 5 in Unarmed Combat
  1550 | D:2      | Noticed Robin
  1568 | D:2      | Killed Robin
  1653 | D:2      | Found a deep blue altar of Sif Muna.
  2022 | D:3      | Reached XP level 6. HP: 61/61 MP: 5/5
  2369 | D:4      | Found a staircase to the Ecumenical Temple.
  2758 | D:4      | Reached skill level 6 in Unarmed Combat
  2785 | D:5      | Entered Level 5 of the Dungeon
  2896 | D:5      | Reached *** piety under Okawaru
  2924 | D:5      | Reached XP level 7. HP: 66/67 MP: 6/6
  3038 | D:5      | Reached skill level 7 in Unarmed Combat
  3402 | D:5      | Found a blossoming altar of Fedhas.
  3577 | D:6      | Reached skill level 8 in Unarmed Combat
  3577 | D:6      | Reached XP level 8. HP: 46/75 MP: 7/7
  3579 | D:6      | Reached **** piety under Okawaru
  3762 | D:6      | Found a sparkling altar of Nemelex Xobeh.
  3807 | D:6      | Slain by an orc warrior

Vault maps used:
D:1:      minmay_arrival_radiant_lines, minmay_box_of_dots
D:2:      lemuel_coloured_pillars_altar, lemuel_round_altar,
          nicolae_overflow_crystal_walls, gammafunk_temple_overflow_elements,
          first_bread, minmay_misc_feat_columns, uniq_robin
D:3:      lemuel_round_altar
D:4:      kennysheep_six_static_rooms, okawaru_gym_becter,
          minmay_temple_entry_junction_2, hangedman_decor_diamond_cutter,
          uniq_blork_the_orc
D:5:      fedhas_altar_1
D:6:      lemuel_crystal_altar

Skill      XL: |  1  2  3  4  5  6  7 |
---------------+----------------------+-----
Dodging        | 3 4 |  4.6
Unarmed Combat | 4 5 6 8 |  8.3
Fighting       | 3 |  3.3
Stealth        | |  1.9

Action                   |  1- 3 |  4- 6 |  7- 9 || total
-------------------------+-------+-------+-------++-------
Melee: Unarmed           |    61 |   204 |    82 ||   347
       Punch             |       |     6 |     2 ||     8
  Use: Scroll            |       |     1 |       ||     1
       Potion            |       |       |     3 ||     3
 Stab: Sleeping          |     1 |     1 |       ||     2
       Distracted        |       |     1 |       ||     1
  Eat: Chunk             |    13 |    19 |     8 ||    40
Armor: Robe              |    28 |    72 |    33 ||   133
Dodge: Dodged            |    27 |   115 |    43 ||   185
Block: Other             |       |       |     4 ||     4
       Reflection        |       |       |     1 ||     1
